[ PARTIDA AOE2 · #494463350 ]
UnrankedJaponeses vs Khmer
Equipo del jugador · VICT
Equipo rival · DERR
[ ANÁLISIS DE REPETICIÓN · EXTRAÍDO DE LA PARTIDA GRABADA ]
Feudal
9:54
Castillos
25:49
Imperial
—
| APM promedio | 47.3 |
| APM pico | 99 |
| eAPM promedio | 20.1 |
| Aldeanos / militares | 67 / 65 |
Foco
⚔️ 27.6% · 🌾 72.4%
Fishing Ship ×17 · Samurai ×16 · Archer ×12 · Militia ×10 · Knight ×7 · Battering Ram ×7
Feudal
10:47
Castillos
29:12
Imperial
—
| APM promedio | 54.8 |
| APM pico | 95 |
| eAPM promedio | 24.2 |
| Aldeanos / militares | 70 / 41 |
Foco
⚔️ 28.5% · 🌾 71.5%
Fishing Ship ×24 · Skirmisher ×19 · Demolition Raft ×9 · Spearman ×7 · Monk ×3 · Fire Galley ×3
Mapa de la partida
Recursos iniciales + cada clic de construcción. Líneas = muros · curvas = relieve. ◆ oro · ⬟ piedra · ● bayas · ✦ reliquia · ◌ hueco del cierre
Tu base· Abierta — flanco sin cerrar
Base de ptsilva· Abierta — hueco de 7t
Terreno inicial suavizado · ◌ = hueco del cierre detectado · pasá el cursor para detalles
Inputs por minuto
— Ziton127 - - ptsilva
Build order — Ziton127
Primeras 150 de 221 acciones detectadas
| 0:02 | Crear | Villager (Male) |
| 0:03 | Construir | House |
| 0:04 | Construir | House |
| 0:09 | Crear | Villager (Male) |
| 0:09 | Crear | Villager (Male) |
| 0:10 | Crear | Villager (Male) |
| 1:24 | Crear | Villager (Male) |
| 2:10 | Crear | Villager (Male) |
| 2:26 | Crear | Villager (Male) |
| 2:58 | Crear | Villager (Male) |
| 3:14 | Construir | Dock |
| 3:23 | Crear | Villager (Male) |
| 3:24 | Crear | Villager (Male) |
| 3:35 | Construir | House |
| 4:01 | Construir | Palisade Wall |
| 4:04 | Construir | Palisade Wall |
| 4:22 | Crear | Villager (Male) |
| 4:28 | Construir | Lumber Camp |
| 4:32 | Crear | Villager (Male) |
| 4:55 | Crear | Fishing Ship |
| 4:58 | Crear | Villager (Male) |
| 5:16 | Crear | Villager (Male) |
| 5:19 | Crear | Villager (Male) |
| 5:46 | Crear | Fishing Ship |
| 5:46 | Crear | Fishing Ship |
| 5:52 | Crear | Villager (Male) |
| 6:00 | Crear | Villager (Male) |
| 6:03 | Crear | Fishing Ship |
| 6:22 | Construir | House |
| 6:46 | Construir | House |
| 7:14 | Crear | Villager (Male) |
| 7:34 | Crear | Fishing Ship |
| 7:44 | Investigar | Feudal Age |
| 8:39 | Construir | Mining Camp |
| 8:42 | Crear | Villager (Male) |
| 8:43 | Crear | Villager (Male) |
| 9:12 | Construir | Barracks |
| 9:42 | Crear | Militia |
| 9:42 | Crear | Militia |
| 9:43 | Crear | Militia |
| 9:54 | Edad | Edad Feudal |
| 9:58 | Construir | Archery Range |
| 10:01 | Crear | Villager (Male) |
| 10:34 | Investigar | Man-at-Arms (upgrade) |
| 10:36 | Crear | Archer |
| 10:40 | Construir | Blacksmith |
| 10:46 | Crear | Villager (Male) |
| 10:57 | Construir | House |
| 11:03 | Crear | Villager (Male) |
| 11:16 | Construir | Watch Tower |
| 11:23 | Investigar | Fletching |
| 11:37 | Crear | Villager (Male) |
| 11:41 | Construir | House |
| 12:05 | Crear | Villager (Male) |
| 12:29 | Construir | House |
| 12:29 | Construir | House |
| 12:36 | Crear | Archer |
| 12:37 | Crear | Villager (Male) |
| 13:05 | Crear | Archer |
| 13:15 | Construir | Watch Tower |
| 13:23 | Crear | Archer |
| 13:26 | Crear | Villager (Male) |
| 13:38 | Construir | Palisade Wall |
| 13:39 | Construir | Palisade Wall |
| 13:39 | Construir | Palisade Wall |
| 13:47 | Crear | Villager (Male) |
| 13:50 | Crear | Archer |
| 14:35 | Crear | Villager (Male) |
| 14:46 | Construir | Watch Tower |
| 14:56 | Crear | Villager (Male) |
| 15:01 | Crear | Archer |
| 15:01 | Crear | Archer |
| 15:50 | Crear | Villager (Male) |
| 15:57 | Construir | Archery Range |
| 16:05 | Crear | Villager (Male) |
| 16:10 | Construir | Mill |
| 16:21 | Crear | Unit 2626 |
| 16:32 | Crear | Skirmisher |
| 16:32 | Crear | Skirmisher |
| 16:35 | Crear | Villager (Male) |
| 16:41 | Crear | Villager (Male) |
| 16:48 | Construir | Watch Tower |
| 17:01 | Crear | Skirmisher |
| 17:10 | Crear | Villager (Male) |
| 17:20 | Crear | Archer |
| 17:31 | Crear | Archer |
| 17:32 | Crear | Villager (Male) |
| 17:36 | Construir | House |
| 17:36 | Construir | House |
| 17:36 | Construir | House |
| 17:36 | Construir | House |
| 17:48 | Construir | Watch Tower |
| 17:55 | Crear | Villager (Male) |
| 18:02 | Crear | Archer |
| 18:02 | Crear | Archer |
| 18:04 | Crear | Militia |
| 18:10 | Crear | Villager (Male) |
| 18:19 | Construir | Dock |
| 18:56 | Construir | House |
| 18:56 | Construir | House |
| 18:58 | Construir | House |
| 18:59 | Construir | House |
| 19:08 | Crear | Villager (Male) |
| 19:14 | Crear | Fire Galley |
| 19:22 | Crear | Villager (Male) |
| 19:57 | Crear | Villager (Male) |
| 20:05 | Crear | Fishing Ship |
| 20:06 | Crear | Fishing Ship |
| 20:32 | Crear | Villager (Male) |
| 20:44 | Construir | Lumber Camp |
| 20:58 | Construir | Watch Tower |
| 21:15 | Crear | Villager (Male) |
| 21:23 | Construir | Lumber Camp |
| 21:40 | Crear | Archer |
| 21:50 | Construir | Market |
| 21:56 | Crear | Fishing Ship |
| 21:56 | Crear | Fishing Ship |
| 21:57 | Crear | Villager (Male) |
| 22:04 | Crear | Militia |
| 23:00 | Construir | Stable |
| 23:09 | Investigar | Castle Age |
| 23:32 | Crear | Fishing Ship |
| 23:41 | Investigar | Double-Bit Axe |
| 23:45 | Crear | Fishing Ship |
| 23:45 | Crear | Fishing Ship |
| 24:03 | Crear | Scout Cavalry |
| 24:56 | Crear | Fishing Ship |
| 25:35 | Investigar | Bloodlines |
| 25:42 | Construir | Mining Camp |
| 25:49 | Edad | Edad de los Castillos |
| 25:49 | Crear | Villager (Male) |
| 25:54 | Construir | Siege Workshop |
| 25:57 | Crear | Knight |
| 25:57 | Crear | Knight |
| 26:12 | Crear | Villager (Male) |
| 26:19 | Construir | Stable |
| 26:32 | Crear | Fishing Ship |
| 26:33 | Crear | Fishing Ship |
| 26:37 | Crear | Villager (Male) |
| 26:59 | Crear | Mangonel |
| 27:13 | Investigar | Loom |
| 27:14 | Crear | Villager (Male) |
| 27:17 | Crear | Villager (Male) |
| 27:22 | Construir | Dock |
| 27:47 | Crear | Villager (Male) |
| 27:54 | Crear | Battering Ram |
| 27:54 | Crear | Battering Ram |
| 28:06 | Crear | Knight |
| 28:06 | Crear | Knight |
| 28:06 | Crear | Knight |
Build order — ptsilva
Primeras 150 de 209 acciones detectadas
| 0:01 | Crear | Villager (Male) |
| 0:02 | Construir | House |
| 0:03 | Construir | House |
| 0:04 | Crear | Villager (Male) |
| 0:23 | Crear | Villager (Male) |
| 0:33 | Crear | Villager (Male) |
| 0:33 | Crear | Villager (Male) |
| 1:32 | Crear | Villager (Male) |
| 1:32 | Crear | Villager (Male) |
| 1:52 | Construir | Lumber Camp |
| 2:06 | Crear | Villager (Male) |
| 2:06 | Crear | Villager (Male) |
| 2:07 | Crear | Villager (Male) |
| 2:48 | Crear | Villager (Male) |
| 2:48 | Crear | Villager (Male) |
| 2:51 | Crear | Villager (Male) |
| 2:51 | Crear | Villager (Male) |
| 3:21 | Crear | Villager (Male) |
| 3:53 | Crear | Villager (Male) |
| 3:59 | Construir | House |
| 4:09 | Crear | Villager (Male) |
| 4:10 | Crear | Villager (Male) |
| 4:26 | Construir | Dock |
| 4:53 | Crear | Villager (Male) |
| 4:54 | Crear | Villager (Male) |
| 4:54 | Crear | Villager (Male) |
| 5:22 | Construir | House |
| 5:23 | Construir | House |
| 5:25 | Crear | Fishing Ship |
| 5:50 | Crear | Villager (Male) |
| 5:51 | Crear | Villager (Male) |
| 5:51 | Crear | Villager (Male) |
| 6:08 | Crear | Fishing Ship |
| 6:41 | Crear | Fishing Ship |
| 6:43 | Construir | Palisade Wall |
| 6:45 | Construir | Palisade Wall |
| 6:47 | Construir | Palisade Wall |
| 6:48 | Construir | Palisade Wall |
| 7:04 | Crear | Villager (Male) |
| 7:28 | Investigar | Loom |
| 7:32 | Crear | Fishing Ship |
| 8:08 | Construir | Dock |
| 8:10 | Crear | Villager (Male) |
| 8:16 | Crear | Fishing Ship |
| 8:37 | Investigar | Feudal Age |
| 8:37 | Investigar | Feudal Age |
| 8:40 | Construir | Mining Camp |
| 9:22 | Construir | House |
| 10:01 | Construir | Barracks |
| 10:06 | Construir | House |
| 10:07 | Construir | Palisade Wall |
| 10:10 | Construir | Palisade Wall |
| 10:19 | Crear | Villager (Male) |
| 10:35 | Crear | Fishing Ship |
| 10:47 | Edad | Edad Feudal |
| 10:49 | Crear | Villager (Male) |
| 11:03 | Investigar | Double-Bit Axe |
| 11:20 | Crear | Demolition Raft |
| 11:41 | Construir | Dock |
| 11:44 | Crear | Villager (Male) |
| 12:02 | Construir | Watch Tower |
| 12:11 | Crear | Villager (Male) |
| 12:37 | Crear | Villager (Male) |
| 12:45 | Construir | Mining Camp |
| 12:54 | Crear | Villager (Male) |
| 13:07 | Crear | Villager (Male) |
| 13:31 | Crear | Villager (Male) |
| 13:42 | Construir | Archery Range |
| 14:07 | Crear | Villager (Male) |
| 14:22 | Crear | Villager (Male) |
| 14:33 | Crear | Demolition Raft |
| 14:33 | Crear | Demolition Raft |
| 14:45 | Crear | Fire Galley |
| 14:46 | Crear | Villager (Male) |
| 14:50 | Crear | Skirmisher |
| 14:50 | Crear | Skirmisher |
| 15:09 | Crear | Villager (Male) |
| 15:19 | Crear | Villager (Male) |
| 15:34 | Construir | Market |
| 15:46 | Crear | Villager (Male) |
| 15:59 | Crear | Villager (Male) |
| 16:04 | Crear | Skirmisher |
| 16:18 | Crear | Villager (Male) |
| 16:33 | Crear | Skirmisher |
| 16:50 | Construir | Watch Tower |
| 17:09 | Construir | Gate |
| 17:10 | Crear | Villager (Male) |
| 17:21 | Construir | House |
| 17:30 | Crear | Villager (Male) |
| 17:36 | Crear | Demolition Raft |
| 17:37 | Crear | Demolition Raft |
| 18:10 | Construir | Watch Tower |
| 18:11 | Construir | Lumber Camp |
| 18:21 | Crear | Skirmisher |
| 18:33 | Construir | Blacksmith |
| 18:55 | Construir | Blacksmith |
| 19:10 | Crear | Skirmisher |
| 19:11 | Crear | Villager (Male) |
| 19:14 | Construir | House |
| 19:47 | Crear | Fishing Ship |
| 19:50 | Crear | Villager (Male) |
| 20:04 | Construir | House |
| 20:07 | Crear | Skirmisher |
| 20:09 | Investigar | Fletching |
| 20:29 | Crear | Skirmisher |
| 20:42 | Crear | Skirmisher |
| 21:07 | Crear | Skirmisher |
| 21:15 | Crear | Villager (Male) |
| 21:31 | Crear | Skirmisher |
| 21:38 | Crear | Villager (Male) |
| 22:03 | Crear | Villager (Male) |
| 22:23 | Crear | Skirmisher |
| 22:42 | Crear | Villager (Male) |
| 22:56 | Crear | Skirmisher |
| 23:03 | Construir | House |
| 23:03 | Construir | House |
| 23:17 | Crear | Villager (Male) |
| 23:21 | Construir | House |
| 23:22 | Construir | House |
| 23:51 | Crear | Villager (Male) |
| 24:09 | Crear | Skirmisher |
| 24:10 | Crear | Villager (Male) |
| 24:18 | Construir | Mining Camp |
| 24:19 | Crear | Skirmisher |
| 24:45 | Crear | Villager (Male) |
| 24:53 | Crear | Demolition Raft |
| 24:57 | Crear | Fishing Ship |
| 24:57 | Crear | Fishing Ship |
| 25:07 | Crear | Villager (Male) |
| 25:19 | Crear | Fishing Ship |
| 25:19 | Crear | Fishing Ship |
| 25:27 | Crear | Skirmisher |
| 25:32 | Crear | Skirmisher |
| 26:01 | Crear | Spearman |
| 26:32 | Investigar | Castle Age |
| 26:41 | Crear | Skirmisher |
| 26:58 | Crear | Spearman |
| 27:10 | Crear | Skirmisher |
| 27:19 | Crear | Fishing Ship |
| 27:20 | Crear | Fishing Ship |
| 27:20 | Crear | Fishing Ship |
| 27:43 | Crear | Spearman |
| 28:24 | Crear | Spearman |
| 28:55 | Crear | Fishing Ship |
| 28:55 | Crear | Fishing Ship |
| 28:59 | Construir | House |
| 29:02 | Construir | House |
| 29:12 | Edad | Edad de los Castillos |
| 29:17 | Construir | Town Center |
| 29:30 | Construir | Monastery |
Cronología de la partida
| 3:14 | Ziton127 · first_building Dock |
| 4:01 | Ziton127 · wall_segment Palisade Wall x1 |
| 4:04 | Ziton127 · wall_segment Palisade Wall x1 |
| 4:26 | ptsilva · first_building Dock |
| 6:43 | ptsilva · wall_segment Palisade Wall x1 |
| 6:45 | ptsilva · wall_segment Palisade Wall x1 |
| 6:47 | ptsilva · wall_segment Palisade Wall x1 |
| 6:48 | ptsilva · wall_segment Palisade Wall x1 |
| 9:12 | Ziton127 · first_building Barracks |
| 9:54 | Ziton127 · age_up feudal |
| 9:58 | Ziton127 · first_building Archery Range |
| 10:01 | ptsilva · first_building Barracks |
| 10:07 | ptsilva · wall_segment Palisade Wall x2 |
| 10:10 | ptsilva · wall_segment Palisade Wall x6 |
| 10:47 | ptsilva · age_up feudal |
| 13:38 | Ziton127 · wall_segment Palisade Wall x1 |
| 13:39 | Ziton127 · wall_segment Palisade Wall x1 |
| 13:39 | Ziton127 · wall_segment Palisade Wall x1 |
| 13:42 | ptsilva · first_building Archery Range |
| 16:48 | ptsilva · first_market_buy 100 stone |
| 18:02 | ptsilva · first_market_sell 100 food |
| 22:31 | Ziton127 · first_market_buy 100 food |
| 22:32 | Ziton127 · first_market_sell 100 wood |
| 23:00 | Ziton127 · first_building Stable |
| 25:49 | Ziton127 · age_up castle |
| 25:54 | Ziton127 · first_building Siege Workshop |
| 29:06 | Ziton127 · first_building Castle |
| 29:12 | ptsilva · age_up castle |
| 29:30 | ptsilva · first_building Monastery |
| 37:08 | ptsilva · resign |
[ ANÁLISIS IA · 1 CRÉDITO ]
¿Qué pasó realmente en esta partida?
Wolo.gg analiza cada decisión: build order, eco, micro, errores típicos por bracket. Análisis personalizado por WhatsApp o Discord en 30 segundos.
Guía civ
Japoneses
Perfil
Jugador #7834514